 Dungeon Crawl Stone Soup version 0.31-a0-1074-g0b22e4e0f1 (webtiles) character file.

Game seed: 12884119813041906282

9 DApurpleWHUMPUS the Caller (level 2, -7/15 HPs)
             Began as a Deep Elf Summoner on Dec 4, 2023.
             Mangled by a worm (10 damage)
             ... on level 2 of the Dungeon.
             The game lasted 00:02:06 (1035 turns).

DApurpleWHUMPUS the Caller (Deep Elf Summoner)      Turns: 1035, Time: 00:02:07

Health: -7/15      AC:  3    Str:  5    XL:     2   Next: 6%
Magic:  8/8        EV: 11    Int: 19    God:
Gold:   71         SH:  0    Dex: 15    Spells: 7/8 levels left

rFire   . . .        d - +0 short sword (venom)
rCold   . . .        c - orb {*channel}
rNeg    . . .        e - +0 leather armour
rPois   +            (no helmet)
rElec   .            (no cloak)
rCorr   .            (no gloves)
SInv    .            (no boots)
Will    .....        (no amulet)
Stlth   ++           f - ring of poison resistance
HPRegen 0.22/turn    (no ring)
MPRegen 0.11/turn

%: channel magic (20%)
@: no status effects
A: no striking features
a: no special abilities


You were on level 2 of the Dungeon.
You visited 1 branch of the dungeon, and saw 2 of its levels.

You collected 71 gold pieces.

Inventory:

Hand Weapons
 d - a +0 short sword of venom (weapon)
Armour
 a - a +0 robe
 c - an orb of energy (worn)
 e - a +0 leather armour (worn)
Magical Staves
 k - a staff of conjuration
Jewellery
 f - a ring of poison resistance (left hand)
Scrolls
 g - a scroll of identify {unknown}
Potions
 b - 2 potions of magic
 h - 2 potions of brilliance {unknown}
 i - 2 potions of enlightenment {unknown}
 j - a potion of cancellation {unknown}


   Skills:
 - Level 2.4 Dodging
 - Level 2.4 Stealth
 + Level 3.5 Spellcasting
 + Level 4.6 Summonings


You had 7 spell levels left.
You knew the following spells:

 Your Spells              Type           Power      Damage    Failure   Level
a - Summon Small Mammal   Summ           84%        N/A       12%         1

Your spell library contained the following spells:

 Spells                   Type           Power      Damage    Failure   Level
 Call Imp                 Summ           42%        N/A       16%         2
 Call Canine Familiar     Summ           21%        N/A       26%         3
 Summon Guardian Golem    Hex/Summ       12%        N/A       50%         3
 Summon Lightning Spire   Summ/Air       12%        N/A       85%         4


Dungeon Overview and Level Annotations

Branches:
Dungeon (2/15)

Altars:


Message History

The worm is lightly wounded.
The worm bites you!
You barely miss the worm.
The worm is moderately wounded.
You see here a viscous red potion.
There are no items here.
Casting: Summon Small Mammal (safe; 12% risk of failure)
Confirm with . or Enter, or press ? or * to list all spells.
You don't know that spell.
Casting: Summon Small Mammal (safe; 12% risk of failure)
Confirm with . or Enter, or press ? or * to list all spells.
Unknown command.
Your rat bites the worm.
Your rat bites the worm.
The worm bites your rat but does no damage.
Your rat bites the worm.
The worm bites your rat!
Your rat dies!
Your rat's corpse disappears in a puff of smoke!
You hit the worm.
The worm looks even sicker.
The worm is almost dead.
The worm bites you!
Ouch! That really hurt!
* * * LOW HITPOINT WARNING * * *
You barely miss the worm.
The worm is severely wounded.
You barely miss the worm.
The worm is almost dead.
The worm closely misses you.
You barely miss the worm.
The worm is almost dead.
The worm bites you!
Ouch! That really hurt!
You die...

#.#..## #.
.....###...
#......# ####
#.#.<#
.....##.#..#
#...#..####
#.#.......####
#.#w..........
#
#@......###$#
#............
#.......###.
#.......#
#......<#
#########


You could see a worm (very poisoned).

Vanquished Creatures
  A bat (D:1)
  2 endoplasms (D:1)
  2 jackals (D:1)
  A kobold (D:1)
6 creatures vanquished.

Vanquished Creatures (collateral kills)
  An endoplasm (D:1)
  A kobold (D:1)
2 creatures vanquished.

Grand Total: 8 creatures vanquished

Notes
Turn   | Place    | Note
-------+----------+-------------------------------------------
     0 | D:1      | DApurpleWHUMPUS the Deep Elf Summoner began the quest for
                  | the Orb.
     0 | D:1      | Reached XP level 1. HP: 10/10 MP: 6/6
   914 | D:1      | Reached XP level 2. HP: 14/15 MP: 6/8
  1035 | D:2      | Mangled by a worm

Illustrated notes

Levels and vault maps discovered:
D:1:      dpeg_arrival_another_circle, layout_basic
D:2:      layout_loops_ring, minmay_misc_feat_cross

Action                     || total
---------------------------++-------
  Melee: Short sword       ||    26
   Cast: Summon Small Mamm ||     6
   Stab: Sleeping          ||     2
 Armour: Leather armour    ||     9
  Dodge: Dodged            ||    15

Table legend: (Time is in decaauts)
 A = Elapsed time spent in this place.
 B = Non-inter-level travel time spent in this place.
 C = Inter-level travel time spent in this place.
 D = Time resting spent in this place.
 E = Time spent auto-exploring this place.
 F = Levels seen in this place.
 G = Mean time per level.
                   A        B        C        D        E       F      G
               +--------+--------+--------+--------+--------+-----+--------+
         Total |   1033 |    997 |     36 |      0 |    841 |   2 |  516.5 |
       Dungeon |   1033 |    997 |     36 |      0 |    841 |   2 |  516.5 |
               +--------+--------+--------+--------+--------+-----+--------+

Top non-repeatable levels by time:
     D:1: 1007 daAuts
     D:2: 26 daAuts
